Workbook

Sheet How to complete
A1: This excel sheet should be read together with the guidance notes which give more detailed information and practical examples. Note that cells with data in green contain formulas and should not be changed as they automatically calculate a total based on data entered in other cells (yellow cells).
A2: 0 Tab study parameters - Cells in yellow should be completed to the specifications of your trial - These data are the linked to formulas in the other tabs. Do not remove or add lines in this tab
A3: 0 Tab budget parameters - This tab contains the costs for the personnel involved in the trial. - These values should not be changed.
A4: 0 Tab Sponsor Cost - This tab needs to be completed with the estimated budget for the whole trial. For some of the activities, a fixed amount is proposed based on the above mentioned rates and real time estimations. In other cases cells needs to be completed if no link to the study parameters tab exists - carefully check formulas and guidelines - In the case of a fixed amount (FX) the margin is already included.
A5: 0 Tab Site costs BE / Site Costs NL - This tab is to be completed with the estimated budget per study visit for the participating sites (which should be consistent with the table of trial visits and procedures in the protocol) - The current lay-out is generic and should be made study specific
A8: Copyright © 2018 by KCE Trials. All rights reserved. The budget tool and guidelines are developed by KCE Trials. If you wish to use this budget tool outside the KCE Trials Programme or the BeNeFit call, you should contact trials@kce.fgov.be. Tell us how and why you wish to use the tool. Please include your contact details: name, institution/company, address, telephone number, and email.

Sheet Study Parameters
A1: Trial | B1: =B7 -> Number | D1: =B11 -> DD/MM/YYYY
A2: Note that the information in this sheet should reflect the most recent version of the protocol - in case of discrepancies, the protocol will prevail
A3: Study Parameters
A5: Study Title
A7: Reference | B7: Number | D7: (assigned when selected)
A9: Protocol version
A11: Budget version date | B11: DD/MM/YYYY
A13: Number of subjects | B13: Number of subjects screened BE
B14: Number of subjects screened NL
B15: Number of subjects randomised BE
B16: Number of subjects randomised NL
B17: Number of subjects completing BE
B18: Number of subjects completing NL
B19: Total number of subjects randomised | C19: =C15+C16 -> 0
A20: Number of visits per subject
A22: Number of sites in BE
A23: Number of sites in NL
A24: Total number of sites | C24: =SUM(C22:C23) -> 0
D25: Actual Date
A26: Study timelines | B26: FPI (First Patient In)
B27: LPI (Last Patient In)
B28: LPLV (Last Patient Last Visit)
B29: DBL (Data Base Lock)
B30: CSR (Clinical Study Report)
B31: Total duration of the project FPI to CSR (in months): | D31: =(D30-D26)/30.5 -> 0
B32: Total duration of the project where monitoring is needed FPI to DBL (in months): | D32: =(D29-D26)/30.5 -> 0
B33: Total duration of the project (in years) | D33: =D31/12 -> 0
B34: Recruitment period (in months) | D34: =(D27-D26)/30.5 -> 0
A35: Monitoring | B35: Planned number of on-site monitoring visits per site (for the total duration of the study) this does not include initiation and close out visits
B36: Planned number of remote monitoring contacts per site (for the total duration of the study)
B37: Number of CRAs (min 2)
B38: Planned number of monitoring visits abroad | D38: =D32*C24 -> 0 | E38: depending on the sponsor country this will be number of sites in BE or NL and will also depend on decision of outourcing monitoring to a coordinating centre in the other country (use C23 in case sponsor is in BE)
A41: Expected number of reportable SAEs
A45: cells in yellow are to be completed

Sheet Budget Parameters
A1: Trial | C1: ='Study Parameters'!B7 -> Number | E1: ='Study Parameters'!D1 -> DD/MM/YYYY
A3: Budget Parameters
A5: Study team involved
A6: Position | B6: Hourly rate
A7: PM | B7: 50 | C7: Project Manager
A8: CRA | B8: 50 | C8: Clinical Research Associate
A9: CI | B9: 100 | C9: Chief Investigator
A10: Co CI | B10: 80 | C10: Co-Chief Investigator
A11: CTA | B11: 35 | C11: Clinical Trial Administrator
A12: Auditor | B12: 55 | C12: Auditor
A13: STAT | B13: 60 | C13: Statistician
A14: DM | B14: 50 | C14: Data Manager
A15: SN | B15: 40 | C15: Study Nurse
A16: HE | B16: 60 | C16: Health Economist
A17: PI | B17: 100 | C17: Principal Investigator
A18: Pharm | B18: 60 | C18: Pharmacist
A19: PI nonMD | B19: 80 | C19: Principal Investigator non MD
A20: Add other roles if relevant
A21: Other budget relevant info
A22: Margin (in %) if applicable: | C22: 0.1
A23: Overhead (in %) if applicable: | C23: NA
A24: VAT (in %) if applicable BE | C24: 0.21
A25: VAT (in %) if applicable NL | C25: 0.21
A26: START UP | B26: 1000 | C26: per site | D26: this is an example for medium complexity study in a hospital setting to be adapted according to training requirement, team involved (eg. 200€ for GP)
A28: Travel cost for monitoring (including any overnight stay - max 300€/visit) | C28: 300
A29: Travel cost per km | B29: 0.346

Sheet Sponsor Cost
C1: Units | D1: No. of units | E1: Team member | F1: Unit cost | G1: Cost (EURO) | H1: Margin incl | I1: Comments, typical values as guidance
A2: Trial | C2: ='Study Parameters'!B7 -> Number | I2: ='Study Parameters'!D1 -> DD/MM/YYYY
A3: 1 | B3: Project Design and Set up
A4: 1a | B4: • Clinical Study Protocol incl stats, economic input, any rework, meetings • Subject Information and Consent including translations • Budget calculation • KCE-ZonMw contract negotiation • Amendments | E4: FX | F4: 40000 | G4: =F4 -> 40000 | H4: =F4 -> 40000
A5: 1b | B5: Country specific adaptations and translations | E5: FX | F5: 2000 | G5: =F5 -> 2000 | H5: =F5 -> 2000
A6: 1c | B6: Site selection including feasibility assessment/visit | D6: ='Study Parameters'!C24 -> 0 | E6: FX | F6: 1000 | G6: =F6*D6 -> 0 | H6: =G6 -> 0 | I6: 1000€/site
A7: 1d | B7: Collaborator/site contracts (set-up, negotiation and finalisation) | D7: ='Study Parameters'!C24 -> 0 | E7: FX | F7: 1000 | G7: =F7*D7 -> 0 | H7: =G7 -> 0 | I7: 1000€/collaborator/site - 200€/site if GPs
B8: Total Feasibility and contracts | G8: =SUM(G6:G7) -> 0 | H8: =SUM(H6:H7) -> 0
A9: SUM | B9: Project Design and Set up | G9: =SUM(G8,G4:G5) -> 42000 | H9: =SUM(H8,H4:H5) -> 42000
A10: 2 | B10: Regulatory and Ethics Review
A11: 2a | B11: Initial Leading Ethics Committee submission BE | D11: 0 | E11: FX | F11: 2000 | G11: =D11*F11 -> 0 | H11: =G11 -> 0 | I11: 2000€ for initial submission
A12: 2b | B12: Initial Leading Ethics Committee submission NL | D12: 0 | E12: FX | F12: 2000 | G12: =D12*F12 -> 0 | H12: =G12 -> 0 | I12: 2000€ for initial submission
A13: 2c | B13: Initial Ethics Committee submission in participating sites BE | D13: ='Study Parameters'!C22 -> 0 | E13: FX | F13: 500 | G13: =D13*F13 -> 0 | H13: =G13 -> 0 | I13: 500€ per site
A14: 2d | B14: Initial Ethics Committee submission in participating sites NL | D14: ='Study Parameters'!C23 -> 0 | E14: FX | F14: 500 | G14: =D14*F14 -> 0 | H14: =G14 -> 0 | I14: 500€ per site
A15: 2e | B15: Initial Documentation for the Regulatory Authorities BE | D15: 0 | E15: FX | F15: 2000 | G15: =D15*F15 -> 0 | H15: =G15 -> 0 | I15: 2000€ for initial submission
A16: 2f | B16: Initial Documentation for the Regulatory Authorities NL | D16: 0 | E16: FX | F16: 2000 | G16: =D16*F16 -> 0 | H16: =G16 -> 0 | I16: 2000€ for initial submission
A17: 2g | B17: Communication with EC during the Project | D17: ='Study Parameters'!D33 -> 0 | E17: FX | F17: 2000 | G17: =D17*F17 -> 0 | H17: =G17 -> 0 | I17: 2000€ per year
A18: 2h | B18: Communication with Authorities during the Project | D18: ='Study Parameters'!D33 -> 0 | E18: FX | F18: 2000 | G18: =D18*F18 -> 0 | H18: =G18 -> 0 | I18: 2000€ per year (if applicable)
A19: 2i | B19: Subject Insurance BE | G19: =F19 -> 0 | H19: =G19 -> 0
A20: 2i | B20: Subject Insurance NL | G20: =F20 -> 0 | H20: =G20 -> 0
A21: 2j | B21: Fees for EC and Authority submission if applicable | I21: indicate the fees that are charged by CMO for evaluation of protocols (NA in Belgium for academic trials)
A22: SUM | G22: =SUM(G11:G21) -> 0 | H22: =SUM(H11:H21) -> 0
A23: 3 | B23: Monitoring
A24: 3a | B24: Development of Monitoring Plan | E24: FX | F24: 1600 | G24: =F24 -> 1600 | H24: =G24 -> 1600
A25: 3b | B25: Study Training - CRAs | C25: hours | D25: =16*'Study Parameters'!D37 -> 0 | E25: CRA | F25: =VLOOKUP(E25,'Budget Parameters'!$A$7:$B$18,2,FALSE) -> 50 | G25: =D25*F25 -> 0 | H25: =G25+(G25*'Budget Parameters'!$C$22) -> 0 | I25: up to 16h per CRA
A26: 3c | B26: Study Initiation Visit | C26: hours | D26: =16*'Study Parameters'!C24 -> 0 | E26: CRA | F26: =VLOOKUP(E26,'Budget Parameters'!$A$7:$B$18,2,FALSE) -> 50 | G26: =D26*F26 -> 0 | H26: =G26+(G26*'Budget Parameters'!$C$22) -> 0 | I26: up to 16h per site
A27: 3d | B27: Study Monitoring Visits | C27: hours | D27: =16*'Study Parameters'!C24*'Study Parameters'!D35 -> 0 | E27: CRA | F27: =VLOOKUP(E27,'Budget Parameters'!$A$7:$B$18,2,FALSE) -> 50 | G27: =D27*F27 -> 0 | H27: =G27+(G27*'Budget Parameters'!$C$22) -> 0 | I27: typically 12h to 16h per visit all-in, depending on complexity
A28: 3e | B28: Closure Visit | C28: hours | D28: =16*'Study Parameters'!C24 -> 0 | E28: CRA | F28: =VLOOKUP(E28,'Budget Parameters'!$A$7:$B$18,2,FALSE) -> 50 | G28: =D28*F28 -> 0 | H28: =G28+(G28*'Budget Parameters'!$C$22) -> 0 | I28: up to 16h per CRA, per site
A29: 3f | B29: Off-site monitoring and site contacts | C29: hours | D29: =4*'Study Parameters'!C24*'Study Parameters'!D36 -> 0 | E29: CRA | F29: =VLOOKUP(E29,'Budget Parameters'!$A$7:$B$18,2,FALSE) -> 50 | G29: =D29*F29 -> 0 | H29: =G29+(G29*'Budget Parameters'!$C$22) -> 0 | I29: e.g. 4h per contact per site - but will depend on risk assessment, number of patients, number if data points - to be adapted in formula depending on study can be performed by data manager or CRA
A30: 3g | B30: travel costs monitoring visits abroad | C30: hours | D30: ='Study Parameters'!D38 -> 0 | E30: FX | F30: ='Budget Parameters'!C28 -> 300 | G30: =D30*F30 -> 0 | H30: =G30+(G30*'Budget Parameters'!$C$22) -> 0 | I30: fixed cost for travel to sites or meetings
A31: SUM | G31: =SUM(G24:G30) -> 1600 | H31: =SUM(H24:H30) -> 1600
A32: 4 | B32: Quality Assurance
E33: FX | F33: 6000 | G33: =F33 -> 6000 | H33: =G33 -> 6000
A34: SUM | F34: =SUM(F33) -> 6000 | G34: =SUM(G33) -> 6000 | H34: =SUM(H33) -> 6000 | I34: includes 2 days sponsor site, 2 days investigator site, preparation, reporting and follow-up
A35: 5 | B35: TMF Handling & Administration
A36: 5a | B36: TMF Preparation at start | E36: FX | F36: 1000 | G36: =H36 -> 1000 | H36: =F36 -> 1000
A37: 5b | B37: Investigator Study File at start | C37: hours | D37: =4*'Study Parameters'!C24 -> 0 | E37: CTA | F37: =VLOOKUP(E37,'Budget Parameters'!$A$7:$B$18,2,FALSE) -> 35 | G37: =F37*D37 -> 0 | H37: =G37+(G37*'Budget Parameters'!$C$22) -> 0 | I37: typically 4h per file
A38: 5c | B38: Shipment and Distribution Services | C38: hours | E38: CTA | F38: =VLOOKUP(E38,'Budget Parameters'!$A$7:$B$18,2,FALSE) -> 35 | G38: =F38*D38 -> 0 | H38: =G38+(G38*'Budget Parameters'!$C$22) -> 0 | I38: only occasionally applicable
A39: 5d | B39: Administration and Documentation during trial | C39: hours | D39: =12*'Study Parameters'!C24*'Study Parameters'!D33 -> 0 | E39: CTA | F39: =VLOOKUP(E39,'Budget Parameters'!$A$7:$B$18,2,FALSE) -> 35 | G39: =F39*D39 -> 0 | H39: =G39+(G39*'Budget Parameters'!$C$22) -> 0 | I39: up to 12h per site per year
A40: 5e | B40: Site payment calculation | C40: hours | D40: =2*'Study Parameters'!$C$24*'Study Parameters'!$D$33 -> 0 | E40: CRA | F40: =VLOOKUP(E40,'Budget Parameters'!$A$7:$B$18,2,FALSE) -> 50 | G40: =F40*D40 -> 0 | H40: =G40+(G40*'Budget Parameters'!$C$22) -> 0 | I40: 1h per site per payment, assuming 2 payments/yr
A41: 5e | B41: Site payment calculation | C41: hours | D41: =2*'Study Parameters'!$C$24*'Study Parameters'!$D$33 -> 0 | E41: DM | F41: =VLOOKUP(E41,'Budget Parameters'!$A$7:$B$18,2,FALSE) -> 50 | G41: =F41*D41 -> 0 | H41: =G41+(G41*'Budget Parameters'!$C$22) -> 0 | I41: 1h per site per payment, assuming 2 payments/yr
A42: 5e | B42: Site payment calculation | C42: hours | D42: =2*'Study Parameters'!$C$24*'Study Parameters'!$D$33 -> 0 | E42: PM | F42: =VLOOKUP(E42,'Budget Parameters'!$A$7:$B$18,2,FALSE) -> 50 | G42: =F42*D42 -> 0 | H42: =G42+(G42*'Budget Parameters'!$C$22) -> 0 | I42: 1h per site per payment, assuming 2 payments/yr
A43: 5f | B43: Administration of Site Payments | C43: hours | D43: =2*'Study Parameters'!$C$24*'Study Parameters'!$D$33 -> 0 | E43: CTA | F43: =VLOOKUP(E43,'Budget Parameters'!$A$7:$B$18,2,FALSE) -> 35 | G43: =F43*D43 -> 0 | H43: =G43+(G43*'Budget Parameters'!$C$22) -> 0 | I43: 1h per site per payment, assuming 2 payments/yr
A44: 5g | B44: Archiving | C44: fixed | D44: =0.5*'Study Parameters'!C24 -> 0 | E44: NA | F44: 250 | G44: =F44*D44 -> 0 | H44: =G44+(G44*'Budget Parameters'!$C$22) -> 0 | I44: typically €250 per large box, assuming 2 sites in 1 box and 25 yrs archiving including general master file documents
A45: SUM | G45: =SUM(G36:G44) -> 1000 | H45: =SUM(H36:H44) -> 1000
A46: 6 | B46: Safety
A47: 6a | B47: Follow-up of and reporting of reportable Serious Adverse Events | D47: ='Study Parameters'!D41 -> 0 | E47: FX | F47: 200 | G47: =F47*D47 -> 0 | H47: =F47*D47 -> 0 | I47: based on 4h per SAE all-in
A48: 6b | B48: Safety Database set-up and use | E48: FX | F48: 10000 | G48: =D48*F48 -> 0 | H48: =G48 -> 0
A49: 6c | B49: DSMB Meetings & FU (if needed) | D49: =2*'Study Parameters'!$D$33 -> 0 | E49: FX | F49: 2000 | G49: =F49*D49 -> 0 | H49: =G49 -> 0 | I49: assuming 2 per year
A50: 6c | B50: DSMB Meetings & FU preparation (if needed) | C50: hours | D50: =2*'Study Parameters'!$D$33 -> 0 | E50: STAT | F50: 1000 | G50: =F50*D50 -> 0 | H50: =G50 -> 0 | I50: assuming 2 per year
A51: 6d | B51: SAE Reconciliation | C51: hours | E51: DM | F51: =VLOOKUP(E51,'Budget Parameters'!$A$7:$B$18,2,FALSE) -> 50 | G51: =F51*D51 -> 0 | H51: =G51+(G51*'Budget Parameters'!$C$22) -> 0 | I51: up to 16h
A52: SUM | G52: =SUM(G47:G51) -> 0 | H52: =SUM(H47:H51) -> 0
A53: 7 | B53: Data Management
A54: 7a | B54: • Design of eCRF • Design of Clinical Trial Database • Data Management Plan | E54: FX | F54: =75000 -> 75000 | G54: =F54 -> 75000 | H54: =F54 -> 75000 | I54: € 75.000,00 for low complexity pragmatic trial € 125.000 for moderate complexity pragmatic trial
A55: 7b | B55: • Data Coding AEs • Data Coding Medication • Data validation & QC • Importation of data ( ECG, lab, etc.) • Programming of queries • Running query software, cleaning and distributing queries • Query Resolution • Database lock | D55: ='Study Parameters'!C19 -> 0 | E55: FX | F55: 100 | G55: =D55*F55 -> 0 | H55: =G55 -> 0 | I55: € 100,00 per patient, for low complexity pragmatic trial € 200,00 per patient, for moderate complexity pragmatic trial
A56: SUM | G56: =SUBTOTAL(9,G54:G55) -> 75000 | H56: =SUBTOTAL(9,H54:H55) -> 75000
A57: 8 | B57: Statistics, report and publication
A58: 8a | B58: Statistical analysis plan, randomisation and statistical programming | E58: FX | F58: 10000 | G58: =F58 -> 10000 | H58: =F58 -> 10000
A59: 8b | B59: • Generation of tables and listings • Statistical analysis and report • Clinical Study Report • Any subsequent analysis and report | E59: FX | F59: 40000 | G59: =F59 -> 40000 | H59: =F59 -> 40000
A60: 8c | B60: Publication, incl revision | E60: FX | F60: 10000 | G60: =F60 -> 10000 | H60: =F60 -> 10000
A61: SUM | G61: =SUBTOTAL(9,G58:G60) -> 60000 | H61: =SUM(H58:H60) -> 60000
A62: 9 | B62: Project Management
A63: 9a | B63: Project Management (not included in the above headings) BE | C63: hours | D63: ='Study Parameters'!D33*1600*0.5 -> 0 | E63: PM | F63: =VLOOKUP(E63,'Budget Parameters'!$A$7:$B$18,2,FALSE) -> 50 | G63: =F63*D63 -> 0 | H63: =G63+(G63*'Budget Parameters'!$C$22) -> 0 | I63: e.g. 0,5 FTE (=800h) per year. This is just an indication and needs to be adapted according to number of sites and complexity, extent of monitoring, ...
A64: 9b | B64: Liaison KCE-ZonMw and Project Status Reports | C64: hours | D64: =2*('Study Parameters'!D34*2) -> 0 | E64: PM | F64: =VLOOKUP(E64,'Budget Parameters'!$A$7:$B$18,2,FALSE) -> 50 | G64: =F64*D64 -> 0 | H64: =G64+(G64*'Budget Parameters'!$C$22) -> 0 | I64: up to 2h every 2 weeks at study start and during active recruitment period
A65: 9b | B65: Liaison KCE-ZonMw and Project Status Reports | C65: hours | D65: =(('Study Parameters'!D31)-('Study Parameters'!D34))*2 -> 0 | E65: PM | F65: =VLOOKUP(E65,'Budget Parameters'!$A$7:$B$18,2,FALSE) -> 50 | G65: =F65*D65 -> 0 | H65: =G65+(G65*'Budget Parameters'!$C$22) -> 0 | I65: up to 2h every 4 weeks during follow-up period (after recruitment)
A66: 9c | B66: Investigator Meeting(s), initial meeting includes time from PM, CI, STAT, CRA, CTA, other (excl meeting room and catering) | E66: FX | F66: 3500 | G66: =F66*D66 -> 0 | H66: =G66 -> 0 | I66: for initial meeting
A67: 9c | B67: Investigator Meeting(s), subsequent meeting(s) | E67: FX | F67: 2000 | G67: =F67*D67 -> 0 | H67: =G67 -> 0 | I67: for subsequent meeting if relevant
A68: 9c | B68: Investigator Meeting(s), results | E68: FX | F68: 3500 | G68: =F68*D68 -> 0 | H68: =G68 -> 0
A69: 9d | B69: Steering Committee meeting(s), includes time from PM, CI, STAT, EXT, PPI | D69: =3*'Study Parameters'!D33 -> 0 | E69: FX | F69: 3500 | G69: =F69*D69 -> 0 | H69: =G69+(G69*'Budget Parameters'!$C$22) -> 0 | I69: up to 3/yr
A70: 9e | B70: Study Team Meeting/Trial Management Group Meeting, included time from PM, CRA, CTA, CI | D70: ='Study Parameters'!D31*2 -> 0 | E70: FX | F70: 500 | G70: =F70*D70 -> 0 | H70: =G70+(G70*'Budget Parameters'!$C$22) -> 0 | I70: based on 2h per meeting, 2-weekly
A71: SUM | G71: =SUM(G63:G70) -> 0 | H71: =SUM(H63:H70) -> 0
A72: 10 | B72: IMP/Intervention Handling
A73: 10a | B73: IMP or intervention Accountability | C73: hours | E73: Pharm | F73: =VLOOKUP(E73,'Budget Parameters'!$A$7:$B$18,2,FALSE) -> 60 | G73: =D73*F73 -> 0 | H73: =G73+(G73*'Budget Parameters'!$C$22) -> 0
A74: 10b | B74: IMP/comparator/placebo/device (incl import license if appl) | C74: units | G74: =F74*D74 -> 0 | H74: =G74+(G74*'Budget Parameters'!$C$22) -> 0
A75: 10c | B75: Storage & distribution | C75: hours | E75: EXT | G75: =D75*F75 -> 0 | H75: =G75 -> 0
A76: 10d | B76: Packaging, blinding, labelling | C76: hours | E76: EXT | G76: =D76*F76 -> 0 | H76: =G76 -> 0
A77: 10e | B77: IMP destruction & recovery unused products | C77: hours | E77: EXT | G77: =D77*F77 -> 0 | H77: =G77 -> 0
A78: SUM | G78: =SUM(G73:G77) -> 0 | H78: =SUM(H73:H77) -> 0
A79: 11 | B79: External vendors/contractors/central review/other
A80: 11a | B80: Study specific equipment | C80: unit | G80: =F80 -> 0 | H80: =G80 -> 0
A81: 11b | B81: External vendor | C81: hours/unit | G81: =F81 -> 0 | H81: =G81 -> 0
A82: 11c | B82: External Review | C82: unit | G82: =F82 -> 0 | H82: =G82 -> 0
A83: 11d | B83: Investigator meetings (meeting room and catering) | D83: ='Study Parameters'!C24*2 -> 0 | E83: FX | F83: 40 | G83: =F83*D83 -> 0 | I83: forfait 40€ per participant - formula includes 2 participants per site, adjust if applicable
A84: SUM | G84: =SUM(G80:G83) -> 0 | H84: =SUM(H80:H83) -> 0
A86: Overall Cost total | G86: =SUM(G84,G78,G71,G56,G52,G45,G34,G31,G22,G9,G61,) -> 185600 | H86: =SUM(H84,H78,H71,H56,H52,H45,H34,H31,H22,H9,H61,) -> 185600
B88: Amount used to calculate FTE cost | G88: =G61+G55+G36+G33+G31+G22-G20+G9+G47+G49+G50+G51 -> 110600
B89: Amount used to calculate material cost | G89: =G86-G88 -> 75000

Sheet Site Costs BE
A1: Trial | C1: ='Study Parameters'!B7 -> Number | H1: ='Sponsor Cost'!I2 -> DD/MM/YYYY
A3: Per Patient Cost Belgium
A4: Procedure | B4: Total Budget | C4: Screening | D4: Treatment Phase | G4: Study Treat discontinuation/ Early Termination Visit | H4: FU Phase
D5: V1 | E5: V2 | F5: V…
A6: General Procedures
A7: Informed consent | B7: =C7 -> 50 | C7: 50
A8: QoL questionnaires | B8: =SUM(C8:H8) -> 0
A10: Procedures SubTotal | B10: =SUM(B7:B8) -> 50 | C10: =SUM(C7:C8) -> 50 | D10: =SUM(D7:D8) -> 0 | E10: =SUM(E7:E8) -> 0 | F10: =SUM(F7:F8) -> 0 | G10: =SUM(G7:G8) -> 0 | H10: =SUM(H7:H8) -> 0
A13: Non Procedure
A14: IMP or placebo dispensing if applicable | B14: =SUM(D14:F14) -> 0
A15: Physician time | B15: =SUM(C15:H15) -> 100 | C15: =(10/60)*'Budget Parameters'!$B$17 -> 16.666667 | D15: =(10/60)*'Budget Parameters'!$B$17 -> 16.666667 | E15: =(10/60)*'Budget Parameters'!$B$17 -> 16.666667 | F15: =(10/60)*'Budget Parameters'!$B$17 -> 16.666667 | G15: =(10/60)*'Budget Parameters'!$B$17 -> 16.666667 | H15: =(10/60)*'Budget Parameters'!$B$17 -> 16.666667
A16: Study Coordinator time (data entry) | B16: =SUM(C16:H16) -> 480 | C16: =2*'Budget Parameters'!$B$15 -> 80 | D16: =2*'Budget Parameters'!$B$15 -> 80 | E16: =2*'Budget Parameters'!$B$15 -> 80 | F16: =2*'Budget Parameters'!$B$15 -> 80 | G16: =2*'Budget Parameters'!$B$15 -> 80 | H16: =2*'Budget Parameters'!$B$15 -> 80
A17: Non Procedures SubTotal (excl margin) | B17: =SUM(B14:B16) -> 580 | C17: =SUM(C14:C16) -> 96.666667 | D17: =SUM(D14:D16) -> 96.666667 | E17: =SUM(E14:E16) -> 96.666667 | F17: =SUM(F14:F16) -> 96.666667 | G17: =SUM(G14:G16) -> 96.666667 | H17: =SUM(H14:H16) -> 96.666667
A18: Margin | B18: =B17*'Budget Parameters'!$C$22 -> 58 | C18: =C17*'Budget Parameters'!$C$22 -> 9.6666667 | D18: =D17*'Budget Parameters'!$C$22 -> 9.6666667 | E18: =E17*'Budget Parameters'!$C$22 -> 9.6666667 | F18: =F17*'Budget Parameters'!$C$22 -> 9.6666667 | G18: =G17*'Budget Parameters'!$C$22 -> 9.6666667 | H18: =H17*'Budget Parameters'!$C$22 -> 9.6666667
A19: Non Procedures SubTotal (incl margin) | B19: =B17+B18 -> 638 | C19: =C17+C18 -> 106.33333 | D19: =D17+D18 -> 106.33333 | E19: =E17+E18 -> 106.33333 | F19: =F17+F18 -> 106.33333 | G19: =G17+G18 -> 106.33333 | H19: =H17+H18 -> 106.33333
A21: Cost per completed patient | B21: =B19+B10 -> 688 | C21: =C19+C10 -> 156.33333 | D21: =D19+D10 -> 106.33333 | E21: =E19+E10 -> 106.33333 | F21: =F19+F10 -> 106.33333 | G21: =G19+G10 -> 106.33333 | H21: =H19+H10 -> 106.33333
A22: VAT | B22: ='Budget Parameters'!C24*B21 -> 144.48
A23: Total cost per patient | B23: =SUM(B21:B22) -> 832.48
A25: General Site Costs
A26: Number of sites BE | B26: ='Study Parameters'!C22 -> 0
A27: start-up fee | B27: ='Budget Parameters'!B26 -> 1000
A28: Archiving (site-specific) | B28: =250 -> 250
A30: Total general site costs/site | B30: =SUM(B27:B28) -> 1250
A31: For all BE sites | B31: =B30*B26 -> 0
A32: Costs for all BE patients | B32: =B23*'Study Parameters'!C15 -> 0
A33: TOTAL SITE COSTS BE | B33: =SUM(B32:B32) -> 0

Sheet Site Costs NL
A1: Trial | C1: ='Study Parameters'!B7 -> Number | H1: ='Sponsor Cost'!I2 -> DD/MM/YYYY
A3: Per Patient Cost The Netherlands
A4: Procedure | B4: Total Budget | C4: Screening | D4: Treatment Phase | G4: Study Treat discontinuation/ Early Termination Visit | H4: FU Phase
D5: V1 | E5: V2 | F5: V…
A6: General Procedures
A7: Informed consent | B7: =C7 -> 50 | C7: 50
A8: QoL questionnaires | B8: =SUM(C8:H8) -> 0
A10: Procedures SubTotal | B10: =SUM(B7:B8) -> 50 | C10: =SUM(C7:C8) -> 50 | D10: =SUM(D7:D8) -> 0 | E10: =SUM(E7:E8) -> 0 | F10: =SUM(F7:F8) -> 0 | G10: =SUM(G7:G8) -> 0 | H10: =SUM(H7:H8) -> 0
A13: Non Procedure
A14: IMP or placebo dispensing if applicable | B14: =SUM(D14:F14) -> 0
A15: Physician time | B15: =SUM(C15:H15) -> 100 | C15: =(10/60)*'Budget Parameters'!$B$17 -> 16.666667 | D15: =(10/60)*'Budget Parameters'!$B$17 -> 16.666667 | E15: =(10/60)*'Budget Parameters'!$B$17 -> 16.666667 | F15: =(10/60)*'Budget Parameters'!$B$17 -> 16.666667 | G15: =(10/60)*'Budget Parameters'!$B$17 -> 16.666667 | H15: =(10/60)*'Budget Parameters'!$B$17 -> 16.666667
A16: Study Coordinator time (data entry) | B16: =SUM(C16:H16) -> 480 | C16: =2*'Budget Parameters'!$B$15 -> 80 | D16: =2*'Budget Parameters'!$B$15 -> 80 | E16: =2*'Budget Parameters'!$B$15 -> 80 | F16: =2*'Budget Parameters'!$B$15 -> 80 | G16: =2*'Budget Parameters'!$B$15 -> 80 | H16: =2*'Budget Parameters'!$B$15 -> 80
A17: Non Procedures SubTotal (excl margin) | B17: =SUM(B14:B16) -> 580 | C17: =SUM(C14:C16) -> 96.666667 | D17: =SUM(D14:D16) -> 96.666667 | E17: =SUM(E14:E16) -> 96.666667 | F17: =SUM(F14:F16) -> 96.666667 | G17: =SUM(G14:G16) -> 96.666667 | H17: =SUM(H14:H16) -> 96.666667
A18: Margin | B18: =B17*'Budget Parameters'!$C$22 -> 58 | C18: =C17*'Budget Parameters'!$C$22 -> 9.6666667 | D18: =D17*'Budget Parameters'!$C$22 -> 9.6666667 | E18: =E17*'Budget Parameters'!$C$22 -> 9.6666667 | F18: =F17*'Budget Parameters'!$C$22 -> 9.6666667 | G18: =G17*'Budget Parameters'!$C$22 -> 9.6666667 | H18: =H17*'Budget Parameters'!$C$22 -> 9.6666667
A19: Non Procedures SubTotal (incl margin) | B19: =B17+B18 -> 638 | C19: =C17+C18 -> 106.33333 | D19: =D17+D18 -> 106.33333 | E19: =E17+E18 -> 106.33333 | F19: =F17+F18 -> 106.33333 | G19: =G17+G18 -> 106.33333 | H19: =H17+H18 -> 106.33333
A21: Cost per completed patient | B21: =B19+B10 -> 688 | C21: =C19+C10 -> 156.33333 | D21: =D19+D10 -> 106.33333 | E21: =E19+E10 -> 106.33333 | F21: =F19+F10 -> 106.33333 | G21: =G19+G10 -> 106.33333 | H21: =H19+H10 -> 106.33333
A22: VAT | B22: ='Budget Parameters'!C25*B21 -> 144.48
A23: Total cost per patient | B23: =SUM(B21:B22) -> 832.48
A25: General Site Costs
A26: Number of sites NL | B26: ='Study Parameters'!C23 -> 0
A27: start-up fee | B27: ='Budget Parameters'!B26 -> 1000
A28: Archiving (site-specific) | B28: =250 -> 250
A30: Total general site costs/site | B30: =SUM(B27:B28) -> 1250
A31: For all NL sites | B31: =B30*B26 -> 0
A32: Costs for all NL patients | B32: =B22*'Study Parameters'!C16 -> 0
A33: TOTAL SITE COSTS NL | B33: =SUM(B31:B32) -> 0

Sheet Overall costs
A1: This tab is automatically calculated and serves for reference to ZonMW and KCE Trials - do not change!
B2: BE | C2: NL | D2: TOTAL TRIAL
A3: Total Sponsor costs | B3: =50%*'Sponsor Cost'!H86 -> 92800 | C3: =50%*'Sponsor Cost'!H86 -> 92800
A4: site BE | B4: ='Site Costs BE'!B33 -> 0 | C4: 0
A5: site NL | B5: 0 | C5: ='Site Costs NL'!B33 -> 0
B6: =SUM(B3:B5) -> 92800 | C6: =SUM(C3:C5) -> 92800 | D6: =SUM(B6:C6) -> 185600
A8: expressed as FTE with a mean cost of 55€ per hour incl margin for the whole trial | B8: =('Sponsor Cost'!$G$88)/1600/55/2 -> 0.62840909 | C8: =('Sponsor Cost'!$G$88)/1600/55/2 -> 0.62840909 | D8: =SUM(B8:C8) -> 1.2568182
A9: expressed as FTE with a mean cost of 55€ per hour incl margin per year of trial duration | B9: =B8/12 -> 0.052367424 | C9: =C8/12 -> 0.052367424 | D9: =D8/12 -> 0.10473485
A10: expressed as material cost (=non FTE) for the whole trial | B10: =('Sponsor Cost'!$G$89)/2 -> 37500 | C10: =('Sponsor Cost'!$G$89)/2 -> 37500 | D10: =SUM(B10:C10) -> 75000
A11: expressed as material cost (=non FTE) per year of trial duration | B11: =B10/12 -> 3125 | C11: =C10/12 -> 3125 | D11: =D10/12 -> 6250
